 Dungeon Crawl Stone Soup version 0.19.5 (webtiles) character file.

123 Macharius the Shield-Bearer (level 5, -1/32 HPs)
             Began as a Gargoyle Fighter on Apr 14, 2017.
             Killed by divine providence
             ... invoked by an orc priest
              (12 damage)
             ... on level 3 of the Dungeon.
             The game lasted 00:15:45 (2477 turns).

Macharius the Shield-Bearer (Gargoyle Fighter)      Turns: 2477, Time: 00:15:45

Health: -1/32      AC: 19    Str: 21    XL:     5   Next: 7%
Magic:  5/5        EV:  2    Int:  8    God:
Gold:   229        SH: 14    Dex:  9    Spells: 0 memorised, 4 levels left

rFire  . . .     SeeInvis .     a - +0 flail
rCold  . . .     Gourm    .     n - +0 plate armour
rNeg   + . .     Faith    .     k - +0 large shield
rPois  ∞         Spirit   .     (no helmet)
rElec  +         Reflect  .     (no cloak)
rCorr  .         Harm     .     (no gloves)
MR     .....                    o - +0 pair of boots
Stlth  ..........               (no amulet)
                                t - ring of poison resistance
                                p - +3 ring of protection

@: no status effects
A: negative energy resistance 1, electricity resistance, unbreathing,
petrification resistance, rot immunity, AC +4
a: no special abilities


You were on level 3 of the Dungeon.
You were very hungry.

You visited 1 branch of the dungeon, and saw 3 of its levels.

You collected 229 gold pieces.

Inventory:

Hand Weapons
 a - a +0 flail (weapon)
 h - a +0 hunting sling
Armour
 k - a +0 large shield (worn)
 n - a +0 plate armour (worn)
 o - a +0 pair of boots (worn)
Jewellery
 p - a +3 ring of protection (left hand)
 t - a ring of poison resistance (right hand)
 v - a +4 ring of evasion {unknown}
Wands
 m - a wand of iceblast (12/15)
Scrolls
 b - a scroll of recharging
 j - a scroll of fear
 l - 5 scrolls of amnesia
 q - a scroll of immolation {unknown}
 r - a scroll of fog {unknown}
Potions
 c - a potion of haste {unknown}
 d - 2 potions of might
 e - a potion of ambrosia {unknown}
 i - a potion of cure mutation {unknown}
Comestibles
 f - 3 bread rations
 g - a beef jerky
 s - a slice of pizza


   Skills:
 + Level 3.6 Fighting
 + Level 3.0 Maces & Flails
 + Level 4.0 Armour
 + Level 1.1 Dodging
 + Level 4.3 Shields


You had 4 spell levels left.
You didn't know any spells.

Dungeon Overview and Level Annotations

Branches:
Dungeon (3/15)

Altars:
Ashenzari
Dithmenos


Innate Abilities, Weirdness & Mutations

You are resistant to torment.
Your stone body is resilient. (AC +4)
You are immune to poison.
You resist negative energy. (rN+)
You are resistant to electric shocks. (rElec)
You can survive without breathing.
You are immune to petrification.
You are immune to rotting.


Message History

The orc is moderately wounded.
The orc wizard points at you and mumbles some strange words.
The puff of frost hits you! You block the orc wizard's attack.
The orc hits you but does no damage.
The orc wizard hits you but does no damage.
Your shield and plate armour prevent you from hitting the orc.
The orc is moderately wounded.
You block the orc wizard's attack.
The orc priest looks satisfied for a moment.
You block the orc's attack.
You barely miss the orc.
The orc is moderately wounded.
The orc wizard hits you but does no damage.
You block the orc wizard's attack. The orc hits you with a flail.
You barely miss the orc.
The orc is moderately wounded.
The orc wizard hits you but does no damage.
The orc priest calls down the wrath of Beogh upon you.
Beogh smites you!
You die...

### #.# ... #.#
#.########.######
#.#..............
#.#.############# #######
#.#.# #......... #.....#
#.#.####.########
#)###.####.#.#....#.......
#.###.#oo@................
#......oo###.#...#########
#....<..o.................
...#
#.##.#...............#####
...# #
#.##.#...##...######.#
...#.# #.##.#...######
#...# ...#.# #.##.#...###
#.### ..##.# #........<.#
#.# .....#.#..........#
#.#


You could see 2 orc priests, an orc wizard and 2 orcs.

Vanquished Creatures
  An orc wizard (D:3)
  An adder (D:2)
  A worm (D:3)
  5 dart slugs
  4 leopard geckos
  7 orcs (D:3)
  9 bats
  4 goblins
  4 hobgoblins
  8 jackals
  5 kobolds
  A quokka (D:3)
  4 frilled lizards
  6 rats
60 creatures vanquished.

Notes
Turn   | Place    | Note
-------+----------+-------------------------------------------
     0 | D:1      | Macharius the Gargoyle Fighter began the quest for the Orb.
     0 | D:1      | Reached XP level 1. HP: 14/14 MP: 1/1
   262 | D:1      | Reached XP level 2. HP: 16/19 MP: 2/2
   635 | D:1      | Reached XP level 3. HP: 18/23 MP: 3/3
  1203 | D:2      | Reached skill level 1 in Dodging
  1519 | D:3      | Found a shattered altar of Ashenzari.
  1538 | D:3      | Reached XP level 4. HP: 28/28 MP: 4/4
  1738 | D:3      | Found a shadowy altar of Dithmenos.
  2025 | D:3      | Reached XP level 5. HP: 27/32 MP: 5/5
  2477 | D:3      | Killed from afar by an orc priest

Skill      XL: |  1  2  3  4  5 |
---------------+----------------+-----
Dodging        | 1 |  1.1
Shields        | 4 |  4.3
Armour         | 4 |  4.0
Maces & Flails | 3 |  3.0
Fighting       | |  3.6

Action                   |  1- 3 |  4- 6 || total
-------------------------+-------+-------++-------
Melee: Flail             |   161 |   175 ||   336
  Use: Scroll            |       |     4 ||     4
  Eat: Bread ration      |     1 |       ||     1
Armor: Scale mail        |    80 |       ||    80
       Plate armour      |    14 |   173 ||   187
Dodge: Dodged            |    37 |    20 ||    57
Block: Shield            |    23 |       ||    23
       Large shield      |   130 |   199 ||   329
